 Dungeon Crawl Stone Soup version 0.30.1-11-g7821555f0a (webtiles) character file.

Game seed: 6605489404362764278

12767 groovy9 the Severer (level 11, -4/101 HPs)
             Began as a Hill Orc Berserker on Jan 13, 2024.
             Was a Priest of Trog.
             Slain by an orc knight
             ... wielding a +0 battleaxe
              (24 damage)
             ... on level 2 of the Orcish Mines.
             The game lasted 00:33:20 (10313 turns).

groovy9 the Severer (Hill Orc Berserker)           Turns: 10313, Time: 00:33:21

Health: -4/101     AC: 17    Str: 25    XL:     11   Next: 98%
Magic:  11/11      EV: 12    Int:  3    God:    Trog [***...]
Gold:   443        SH:  0    Dex: 14    Spells: 10/10 levels left

rFire   + + .        q - +0 battleaxe
rCold   . . .        (shield currently unavailable)
rNeg    . . .        a - +0 chain mail
rPois   +            j - +0 helmet
rElec   .            y - +0 cloak
rCorr   +            E - +0 pair of gloves
SInv    +            h - +0 pair of boots
Will    .....        (no amulet) Stlth
                     w - ring "Muis" {+Blink rCorr Int-4 Dex+4 SInv}
HPRegen 1.16/turn    p - ring "Buywostre" {rPois rF++}
MPRegen 0.12/turn

%: no passive effects
@: on berserk cooldown, hasted and slowed
A: hooves 1, regeneration 1
a: Renounce Religion, Evoke Blink, Berserk, Trog's Hand


You were on level 2 of the Orcish Mines.
You worshipped Trog.
Trog was most pleased with you.
You visited 2 branches of the dungeon, and saw 11 of its levels.
You also visited: Ossuary.

You collected 858 gold pieces.
You spent 415 gold pieces at shops.

Inventory:

Hand Weapons
 q - a +0 battleaxe (weapon)
Armour
 a - a +0 chain mail (worn)
 h - a +0 pair of boots (worn)
 j - a +0 helmet (worn)
 y - a +0 cloak (worn)
 E - a +0 pair of gloves (worn)
Jewellery
 n - a ring of protection from fire
 p - the ring "Buywostre" (right hand) {rPois rF++}
   (You found it on level 3 of the Dungeon)

   [ring of poison resistance]

   rF:        It greatly protects you from fire.
   rPois:     It protects you from poison.
 v - a ring of flight
 w - the ring "Muis" (left hand) {+Blink rCorr Int-4 Dex+4 SInv}
   (You bought it in a shop on level 2 of the Dungeon)

   [ring of see invisible]

   Int:       It affects your intelligence (-4).
   Dex:       It affects your dexterity (+4).
   SInv:      It lets you see invisible.
   +Blink:    It lets you blink.
   rCorr:     It protects you from acid and corrosion.
Wands
 x - a wand of iceblast (19)
 F - a wand of flame (12)
Scrolls
 c - 4 scrolls of teleportation
 k - a scroll of magic mapping
 m - 3 scrolls of poison
 o - a scroll of blinking
 s - a scroll of fear
 t - a scroll of silence
 A - a scroll of enchant weapon
 B - a scroll of enchant armour
 C - a scroll of torment
 D - a scroll of brand weapon
 G - a scroll of identify
Potions
 b - 3 potions of flight
 d - 4 potions of cancellation
 f - 4 potions of invisibility
 i - a potion of berserk rage
 l - a potion of curing
 r - 2 potions of magic
 u - 3 potions of attraction
 z - a potion of ambrosia


   Skills:
 + Level 10.7 Fighting
 * Level 15.8 Axes
 + Level 9.6 Armour
 + Level 7.3 Dodging


You had 10 spell levels left.
You didn't know any spells.
Your spell library was empty.

Dungeon Overview and Level Annotations

Branches:
Dungeon (9/15)             Temple (0/1) D:7            Lair (0/5) D:8
    Orc (2/2) D:9             Elf (0/3) Orc:2       Ossuary (visited)

Altars:
Cheibriados
Dithmenos
Fedhas
Hepliaklqana
Okawaru
Sif Muna
Vehumet
Xom
Zin

Shops:
D:2 =   D:9 (   Orc:2 ?


Innate Abilities, Weirdness & Mutations

You have large cloven feet.
Your natural rate of healing is unusually fast.


Message History

You are no longer berserk.
You are exhausted.
You feel yourself slow down.
You slice the orc knight!!
The orc knight is moderately wounded.
The orc knight hits you with a +0 battleaxe!!
The orc knight hits you with a +0 battleaxe!
You feel yourself speed up.
The orc knight hits you but does no damage.
You hit the orc knight but do no damage.
The orc knight is moderately wounded.
The orc knight barely misses you.
You closely miss the orc knight.
The orc knight is moderately wounded.
You feel the effects of Trog's Hand fading.
The orc knight hits you with a +0 battleaxe.
You slice the orc knight!!
The orc knight is severely wounded.
The orc knight hits you but does no damage.
You hit the orc knight.
The orc knight is almost dead.
The orc knight hits you with a +0 battleaxe!!
You closely miss the orc knight.
The orc knight is almost dead.
The orc knight hits you with a +0 battleaxe!!
* * * LOW HITPOINT WARNING * * *
You hit the orc knight.
The orc knight is almost dead.
The orc knight barely misses you.
You closely miss the orc knight.
The orc knight is almost dead.
Your skin stops crawling.
You feel less strong-willed.
The orc knight hits you with a +0 battleaxe!
* * * LOW HITPOINT WARNING * * *
You completely miss the orc knight.
The orc knight is almost dead.
You slash the orc knight!
The orc knight is almost dead.
The orc knight hits you with a +0 battleaxe!!
You die...

..........###...............#
........### ##..........##.##
#.......# ###.......#####
##.#...## ##.#......##
#.##.## #.......### #### ##
#.......## # ### ##..))...# #
##.###...#.#.## ##
#....#...@##.## .#
##........o...# ##
##..........## #
##........####
##.#........#.#.
#..........#....
##...............
#...#.........##.
#########.#####


You could see an orc knight.

Vanquished Creatures
  A two-headed ogre (D:9)
  2 orc high priests (Orc:2)
  An orc knight (Orc:2)
  3 orc sorcerers (Orc:2)
  4 unseen horror zombies (D:8)
  2 komodo dragons (D:8)
  A hornet (D:9)
  Grinder (D:4)
  Sigmund (D:2)
  A vampire (D:9)
  A wyvern (D:8)
  2 basilisks (D:8)
  Menkaure (D:6)
  4 wargs
  An acid dragon (D:8)
  2 water moccasins
  A black bear (D:5)
  11 orc warriors
  2 sky beasts
  An ice beast (D:7)
  A centaur (D:7)
  4 ogres
  A phantom (D:5)
  Blork the orc (D:6)
  A gnoll sergeant (D:6)
  2 bullfrogs
  A wyvern zombie (D:8)
  3 scorpions
  20 wights
  3 water moccasin zombies (Ossuary)
  7 killer bees
  6 howler monkeys
  2 centaur zombies (D:8)
  5 jellies
  14 orc priests
  A hound (D:6)
  2 gnoll boudas
  A sleepcap (D:7)
  2 iguanas (D:6)
  19 orc wizards
  A killer bee zombie (D:8)
  2 mummies (Ossuary)
  Robin (D:4)
  9 adders
  16 gnolls
  2 white imps
  3 adder zombies (Ossuary)
  2 worms
  5 dart slugs
  58 orcs
  7 ball pythons
  2 bats
  6 endoplasms
  5 giant cockroaches
  3 gnoll zombies (Ossuary)
  19 goblins
  8 hobgoblins
  2 jackals (D:1)
  4 quokkas
  3 frilled lizards
  4 hobgoblin zombies (Ossuary)
  4 kobolds
  2 kobold zombies (Ossuary)
  5 orc zombies (Ossuary)
  9 rats
  A rat zombie (D:5)
322 creatures vanquished.

Notes
Turn   | Place    | Note
-------+----------+-------------------------------------------
     0 | D:1      | groovy9 the Hill Orc Berserker began the quest for the Orb.
     0 | D:1      | Reached XP level 1. HP: 19/19 MP: 1/1
    83 | D:1      | Reached XP level 2. HP: 24/27 MP: 2/2
   467 | D:1      | Reached XP level 3. HP: 31/33 MP: 3/3
   910 | D:2      | Found a hazy altar of Hepliaklqana.
   932 | D:2      | Reached ** piety under Trog
  1174 | D:2      | Reached skill level 5 in Axes
  1287 | D:2      | Noticed Sigmund
  1318 | D:2      | Killed Sigmund
  1319 | D:2      | Reached skill level 6 in Axes
  1319 | D:2      | Reached XP level 4. HP: 19/41 MP: 4/4
  1319 | D:2      | Reached XP level 5. HP: 22/47 MP: 5/5
  1324 | D:2      | Reached XP level 6. HP: 31/53 MP: 6/6
  1703 | D:2      | Found a faded altar of an unknown god.
  1974 | D:2      | Found Fyeteex's Jewellery Shop.
  1989 | D:2      | Gained mutation: Your natural rate of healing is unusually
                  | fast. [potion of mutation]
  1989 | D:2      | Gained mutation: Your magical capacity is low. (-10% MP)
                  | [potion of mutation]
  1989 | D:2      | Lost mutation: Your magical capacity is low. (-10% MP)
                  | [potion of mutation]
  1989 | D:2      | Gained mutation: You have large cloven feet. [potion of
                  | mutation]
  2168 | D:3      | Found a shimmering blue altar of Sif Muna.
  2322 | D:3      | Reached skill level 5 in Fighting
  2737 | D:3      | Identified the ring "Buywostre" {rPois rF++}
  3178 | D:4      | Reached skill level 7 in Axes
  3178 | D:4      | Reached XP level 7. HP: 61/61 MP: 7/7
  3370 | D:4      | Noticed Robin
  3384 | D:4      | Killed Robin
  3414 | D:4      | Noticed Grinder
  3476 | D:4      | Killed Grinder
  3555 | D:4      | Reached skill level 8 in Axes
  3768 | D:4      | Found a glowing silver altar of Zin.
  4005 | D:5      | Entered Level 5 of the Dungeon
  4049 | D:5      | Reached XP level 8. HP: 50/70 MP: 8/8
  4252 | D:5      | Reached skill level 5 in Armour
  4259 | D:5      | Reached skill level 9 in Axes
  4346 | D:5      | Found a sand-covered staircase.
  4353 | Ossuary  | Entered an ossuary
  4387 | Ossuary  | Reached *** piety under Trog
  4704 | D:5      | Found an iron altar of Okawaru.
  5229 | D:6      | Found a snail-covered altar of Cheibriados.
  5238 | D:6      | Reached skill level 10 in Axes
  5242 | D:6      | Reached XP level 9. HP: 79/79 MP: 9/9
  5641 | D:6      | Noticed Blork the orc
  5656 | D:6      | Killed Blork the orc
  5742 | D:6      | Found a shadowy altar of Dithmenos.
  5742 | D:6      | Found a blossoming altar of Fedhas.
  5905 | D:6      | Reached skill level 11 in Axes
  6066 | D:6      | Noticed Menkaure
  6073 | D:6      | Killed Menkaure
  6074 | D:6      | Reached skill level 5 in Dodging
  6456 | D:7      | Found a staircase to the Ecumenical Temple.
  6463 | D:7      | Reached skill level 12 in Axes
  6463 | D:7      | Reached XP level 10. HP: 88/88 MP: 10/10
  6579 | D:7      | Found a radiant altar of Vehumet.
  6757 | D:7      | Found a shimmering altar of Xom.
  7461 | D:8      | Reached skill level 13 in Axes
  7661 | D:8      | Reached **** piety under Trog
  7700 | D:8      | Found a staircase to the Lair.
  7705 | D:8      | HP: 4/91 [komodo dragon (16)]
  8006 | D:8      | Reached XP level 11. HP: 97/97 MP: 11/11
  8011 | D:8      | Reached skill level 14 in Axes
  8237 | D:9      | Found a staircase to the Orcish Mines.
  8329 | D:9      | Noticed a two-headed ogre
  8343 | D:9      | Killed a two-headed ogre
  8684 | D:4      | Identified the +10 sling "Mixeis" {flame, Drain Fly rF++}
  8837 | D:2      | Bought the ring "Muis" {+Blink rCorr Int-4 Dex+4 SInv} for
                  | 415 gold pieces
  9109 | D:9      | Found Qeammicosh's Antique Weapon Boutique.
  9148 | D:9      | Reached skill level 10 in Fighting
  9498 | Orc:1    | Entered Level 1 of the Orcish Mines
  9717 | Orc:2    | Entered Level 2 of the Orcish Mines
  9785 | Orc:2    | Noticed an orc sorcerer
  9786 | Orc:2    | Found Utybb's Magic Scroll Shop.
  9796 | Orc:2    | Killed an orc sorcerer
  9801 | Orc:2    | Noticed an orc sorcerer
  9806 | Orc:2    | Killed an orc sorcerer
  9807 | Orc:2    | Reached skill level 15 in Axes
  9807 | Orc:2    | Noticed an orc high priest
  9810 | Orc:2    | Noticed an orc knight
  9817 | Orc:2    | Killed an orc high priest
  9824 | Orc:2    | Noticed an orc high priest
  9824 | Orc:2    | Noticed an orc high priest
  9827 | Orc:2    | Found a staircase to the Elven Halls.
  9835 | Orc:2    | HP: 5/101 [orc warrior/+0 trident (9)]
 10061 | Orc:2    | Found a radiant altar of Vehumet.
 10185 | Orc:2    | Killed an orc high priest
 10233 | Orc:2    | Killed an orc knight
 10286 | Orc:2    | Noticed an orc sorcerer
 10287 | Orc:2    | Paralysed by an orc sorcerer for 5 turns
 10295 | Orc:2    | Noticed an orc knight
 10299 | Orc:2    | Killed an orc sorcerer
 10313 | Orc:2    | Slain by an orc knight

Illustrated notes

Levels and vault maps discovered:
D:1:      giann_horns, layout_loops_ring
D:2:      layout_basic, ebering_ecumenical_altar_abandoned, basic_altar,
          serial_shops, nicolae_shop_advertising_works
          [nicolae_subvault_shop_adworks], minmay_goblin_outpost, uniq_sigmund
D:3:      minmay_recursive_quarters, layout_basic,
          mainiacjoe_overflow_tiny_flanked
D:4:      layout_basic, zin_treasury, uniq_grinder, uniq_robin
D:5:      layout_loops_corners, lemuel_coloured_pillars_altar, enter_ossuary_3,
          minmay_misc_feat_encased
D:6:      kennysheep_spiral_hall, layout_loops_ring,
          mainiacjoe_overflow_24_doors, nicolae_overflow_two_pavilions,
          solitary_fountain, minmay_crystal_room, uniq_blork_the_orc,
          uniq_menkaure
D:7:      layout_basic, mainiacjoe_overflow_brackets, amcnicky_altar_gilded,
          minmay_temple_entry_sparse_star
D:8:      layout_loops_ring, erik_lair_dragon, serial_undead, serial_undead_e,
          serial_undead_a, serial_undead_d, serial_undead_d
D:9:      layout_loops_ring, david_orc_3, serial_shops,
          nicolae_shop_temple_entry_statues_fountains
Orc:1:    layout_caves
Orc:2:    st_orc_elflike, layout_diamond_mine, basic_altar

Skill      XL: |  1  2  3  4  5  6  7  8  9 10 11 |
---------------+----------------------------------+-----
Fighting       | 4 5 7 8 9 10 | 10.7
Dodging        | 2 3 4 5 6 7 |  7.3
Axes           | 6 7 8 10 12 13 15 | 15.8
Armour         | 3 4 5 7 8 9 |  9.6

Action                     |  1- 3 |  4- 6 |  7- 9 | 10-12 || total
---------------------------+-------+-------+-------+-------++-------
  Melee: Hand axe          |   150 |   112 |   333 |       ||   595
         Punch             |     2 |     1 |     6 |     6 ||    15
         Kick              |       |    31 |   131 |     2 ||   164
         War axe           |       |       |   124 |   242 ||   366
         Battleaxe         |       |       |       |   189 ||   189
 Invoke: Trog's Hand       |     2 |     1 |    14 |    17 ||    34
         Berserk           |     2 |     1 |    13 |    13 ||    29
    Use: Scroll            |     5 |     5 |     6 |     7 ||    23
         Potion            |       |     6 |     1 |     7 ||    14
 Armour: Animal skin       |     7 |       |       |       ||     7
         Ring mail         |    26 |    39 |   133 |       ||   198
         Chain mail        |       |       |    12 |   202 ||   214
  Dodge: Dodged            |    82 |    67 |   178 |   216 ||   543
